 Dungeon Sprint DCSS version bcrawl-1.18 (webtiles) character file.

Game seed: 6014432737710843811

185 Freyura the Cudgeler (level 5, -4/52 HPs)
             Began as a Minotaur Gladiator on Nov 3, 2019.
             Was an Initiate of Makhleb.
             Slain by a merfolk
             ... wielding a cursed +0 trident
              (16 damage)
             ... in the Dungeon (Sprint V: "Ziggurat Sprint").
             The game lasted 00:03:43 (201 turns).

Freyura the Cudgeler (Minotaur Gladiator)            Turns: 201, Time: 00:03:44

Health: -4/52      AC: 15    Str: 18    XL:     5   Next: 37%
Magic:  6/6        EV: 15    Int:  5    God:    Makhleb [......]
Gold:   0          SH:  0    Dex: 25    Spells: 4/4 levels left

rFire    + + +     SeeInvis .   N - +7 great mace "Firestarter" {inner flame, rF++}
rCold    x . .     Gourm    .   (shield currently unavailable)
rNeg     . . .     Faith    .   G - +5 fire dragon scales
rPois    .         Spirit   .   c - +0 hat
rElec    .         Reflect  .   (no cloak)
rCorr    .         Harm     .   (no gloves)
MR       .....     NoTele   +   (no boots)
Stlth    ..........             (no amulet)
HPRegen  0.17/turn              x - +6 ring of dexterity
MPRegen  0.10/turn              y - +6 ring of dexterity

@: no status effects
A: retaliatory headbutt, horns 2
a: Renounce Religion


You were in the Dungeon.
You worshipped Makhleb.
Makhleb was noncommittal.
You were not hungry.

You visited 1 branch

Inventory:

Hand Weapons
 a - a +0 flail
 H - the +6 Majin-Bo {vamp, *Drain Str+12 Int+24}
   (You found it in the Dungeon)

   It inflicts no extra harm, but heals its wielder when it wounds a living foe.
   It affects your strength (+12).
   It affects your intelligence (+24).
   It causes draining when unequipped.
 I - the +9 heavy crossbow "Sniper" {velocity, Acc+∞ SInv}
   (You found it in the Dungeon)

   Any bolt fired from it inflicts extra damage.
   It lets you see invisible.
 J - the +10 dark maul {crush}
   (You found it in the Dungeon)

   It inflicts extra damage upon your enemies.
 M - the cursed +14 obsidian axe {chop, +Fly SInv *Curse}
   (You found it in the Dungeon)

   It inflicts extra damage upon your enemies.
   It lets you see invisible.
   It lets you fly.
   It curses itself when equipped.
   It has a curse placed upon it.
 N - the +7 great mace "Firestarter" (weapon) {inner flame, rF++}
   (You found it in the Dungeon)

   It has been specially enchanted to burn those struck by it, causing extra
   injury to most foes and up to half again as much damage against particularly
   susceptible opponents.
   It greatly protects you from fire.
 O - the +6 shillelagh "Devastator" {shatter}
   (You found it in the Dungeon)
 P - the +11 plutonium sword {*Contam Stlth-}
   (You found it in the Dungeon)

   It causes magical contamination when unequipped.
   It makes you less stealthy.
 Q - the +8 lance "Wyrmbane" {slay drac, rPois rF+ rC+ AC+3}
   (You found it in the Dungeon)

   It affects your AC (+3).
   It protects you from fire.
   It protects you from cold.
   It protects you from poison.
 R - the +9 sword of Zonguldrok {reap}
   (You found it in the Dungeon)

   If a monster killed with it leaves a corpse in good enough shape, the corpse
   will be animated as a zombie friendly to the killer.
 S - the cursed +13 scythe of Curses {drain, *Curse}
   (You found it in the Dungeon)

   A truly terrible weapon, it drains the life of those it strikes.
   It curses itself when equipped.
   It has a curse placed upon it.
 T - the +0 sword of Power
   (You found it in the Dungeon)
 U - the +7 mace of Variability {chain chaos}
   (You found it in the Dungeon)

   Each time it hits an enemy it has a different, random effect.
 V - the +7 Singing Sword {slice, sonic wave}
   (You found it in the Dungeon)

   It inflicts extra damage upon your enemies.
 W - the +7 longbow "Piercer" {penet, EV-2}
   (You found it in the Dungeon)

   Ammo fired by it will pass through the targets it hits, potentially hitting
   all targets in its path until it reaches maximum range.
   It affects your evasion (-2).
Missiles
 d - 3 throwing nets (quivered) {!f}
Armour
 b - a +0 leather armour
 c - a +0 hat (worn)
 G - +5 fire dragon scales (worn)
 K - the +15 Maxwell's patent armour {-Cast -Tele rElec MR+ rCorr}
   (You found it in the Dungeon)

   It insulates you from electricity.
   It affects your resistance to hostile enchantments.
   It prevents spellcasting.
   It prevents most forms of teleportation.
   It provides partial protection from all sources of acid and corrosion.
 L - the +18 shield of the Gong {rElec rN+ MR+ EV-5}
   (You found it in the Dungeon)

   It affects your evasion (-5).
   It insulates you from electricity.
   It protects you from negative energy.
   It affects your resistance to hostile enchantments.
Jewellery
 x - a +6 ring of dexterity (left hand)
 y - a +6 ring of dexterity (right hand)
 z - a +6 ring of intelligence
 A - a +6 ring of intelligence
 B - a +6 ring of strength
 C - a +6 ring of strength
Wands
 D - a wand of disintegration (7)
 E - a wand of iceblast (7)
 F - a wand of acid (7)
Scrolls
 k - 4 scrolls of blinking
 r - 4 scrolls of amnesia
 s - 7 scrolls of fog
 t - 5 scrolls of identify
 u - 5 scrolls of remove curse
 v - 2 scrolls of fear
Potions
 e - 10 potions of curing
 g - 10 potions of heal wounds
 h - 6 potions of haste
 i - 7 potions of magic
 j - 3 potions of berserk rage
 l - 2 potions of brilliance
 m - 2 potions of invisibility
 n - 4 potions of resistance
 p - 5 potions of agility
 q - 5 potions of might
Miscellaneous
 w - a lightning rod (4/4)
Comestibles
 f - 7 rations {!d}


   Skills:
 + Level 7.1 Fighting
 + Level 7.6 Maces & Flails
 - Level 2.0 Throwing
 + Level 6.5 Armour
 + Level 6.9 Dodging
 + Level 3.9 Invocations


You had 4 spell levels left.
You didn't know any spells.
Your spell library was empty.

Dungeon Overview and Level Annotations

Branches:
Dungeon (1/1)

Altars:
Ashenzari
Cheibriados
Dithmenos
Elyvilon
Fedhas
Gozag
Hepliaklqana
Kikubaaqudgha
Lugonu
Makhleb
Nemelex Xobeh
Okawaru
Qazlal
Ru
Sif Muna
Trog
Uskayaw
Vehumet
Wu Jian
Xom
Yredelemnul
Zin
The Shining One
Beogh
Jiyva

Annotations:
D 1 transporter


Innate Abilities, Weirdness & Mutations

You reflexively headbutt those who attack you in melee.
You have a pair of horns on your head.


Message History

You struggle against the net.
You shred the net and break free! The merfolk misses you.
The merfolk throws a tomahawk.
The tomahawk misses you.
The merfolk hits you but does no damage. x2
The merfolk hits you with a cursed +0 trident!
You barely miss the merfolk. Your headbutt misses the merfolk.
The merfolk completely misses you. You furiously retaliate!
You headbutt the merfolk!
The merfolk hits you with a cursed +0 trident.
The merfolk hits you from afar with a +0 trident!
You hit the merfolk. You burn the merfolk.
The merfolk is filled with an inner flame.
The merfolk is lightly wounded.
The merfolk closely misses you. You furiously retaliate!
You headbutt the merfolk!
The merfolk hits you from afar with a +0 trident!
* * * LOW HITPOINT WARNING * * *
The merfolk hits you but does no damage. x2
The merfolk hits you with a cursed +0 trident!
You die...

▓▓▓▓▓▓▓▓▓▓▓▓▓
▓.8©8.▓.8©8.▓
▓.}:).▓.....▓
▓.....▓.:.|.▓
▓.m...▓.....▓
▓..mm.▓.†...▓
▓..@..▓..©..▓
▓..©..▓▓▓▓▓▓▓
▓▓▓▓▓▓▓


You could see 3 merfolk.

Vanquished Creatures
  A porcupine (D)
  A wolf (D)
2 creatures vanquished.

Notes
Turn   | Place    | Note
-------+----------+-------------------------------------------
     0 | D        | Freyura the Minotaur Gladiator began the quest for the Orb.
     0 | D        | Reached XP level 1. HP: 18/18 MP: 0/0
     0 | D        | Found a shimmering blue altar of Sif Muna.
     0 | D        | Found a bloodstained altar of Trog.
     0 | D        | Found a sacrificial altar of Ru.
     0 | D        | Found a stormy altar of Qazlal.
     0 | D        | Found an iron altar of Okawaru.
     1 | D        | Found a sparkling altar of Nemelex Xobeh.
     1 | D        | Found a blossoming altar of Fedhas.
     2 | D        | Found the +6 Majin-Bo {vamp, *Drain Str+12 Int+24}
     2 | D        | Found the +7 great mace "Firestarter" {inner flame, rF++}
     3 | D        | Found a transporter.
     3 | D        | Found an ancient bone altar of Kikubaaqudgha.
     3 | D        | Found a viscous altar of Jiyva.
     3 | D        | Found a corrupted altar of Lugonu.
     3 | D        | Found a hazy altar of Hepliaklqana.
     3 | D        | Found a burning altar of Makhleb.
     3 | D        | Found an opulent altar of Gozag.
    41 | D        | Found the +9 heavy crossbow "Sniper" {velocity, Acc+∞ SInv}
    41 | D        | Found the +10 dark maul {crush}
    41 | D        | Found the +15 Maxwell's patent armour {-Cast -Tele rElec
                  | MR+ rCorr}
    41 | D        | Found the +18 shield of the Gong {rElec rN+ MR+ EV-5}
    41 | D        | Found the cursed +14 obsidian axe {chop, +Fly SInv *Curse}
    43 | D        | Found the +6 shillelagh "Devastator" {shatter}
    43 | D        | Found the +11 plutonium sword {*Contam Stlth-}
    43 | D        | Found the +8 lance "Wyrmbane" {slay drac, rPois rF+ rC+
                  | AC+3}
    43 | D        | Found the +9 sword of Zonguldrok {reap}
    43 | D        | Found the cursed +13 scythe of Curses {drain, *Curse}
    43 | D        | Found the +0 sword of Power
    43 | D        | Found the +7 mace of Variability {chain chaos}
    43 | D        | Found the +7 Singing Sword {slice, sonic wave}
    43 | D        | Found the +7 longbow "Piercer" {penet, EV-2}
    65 | D        | Reached skill level 5 in Fighting
    65 | D        | Reached skill level 5 in Maces & Flails
    65 | D        | Reached skill level 5 in Dodging
    65 | D        | Reached XP level 2. HP: 29/29 MP: 1/1
    77 | D        | Became a worshipper of Makhleb the Destroyer
    88 | D        | Entered arena 2.
    88 | D        | Noticed a porcupine
    88 | D        | Noticed a wolf
    88 | D        | Found a transporter.
    90 | D        | Killed a porcupine
    90 | D        | Reached skill level 5 in Armour
    90 | D        | Reached XP level 3. HP: 29/38 MP: 1/4
    90 | D        | Reached XP level 4. HP: 34/45 MP: 1/5
    91 | D        | Killed a wolf
    91 | D        | Reached XP level 5. HP: 31/52 MP: 1/6
   195 | D        | Entered arena 3.
   195 | D        | Noticed a merfolk
   195 | D        | Noticed a merfolk
   195 | D        | Noticed a merfolk
   195 | D        | Found a transporter.
   201 | D        | Slain by a merfolk

Skill      XL: |  1  2  3  4 |
---------------+-------------+-----
Fighting       | 5 6 7 |  7.1
Maces & Flails | 5 6 7 |  7.6
Armour         | 4 5 6 |  6.5
Dodging        | 5 6 |  6.9
Invocations    | 2 3 |  3.9
Throwing       | |  2.0

Action                   |  1- 3 |  4- 6 || total
-------------------------+-------+-------++-------
Melee: Great mace        |     2 |     3 ||     5
  Use: Potion            |     1 |       ||     1
Armor: Fire dragon scale |     2 |     6 ||     8
Dodge: Dodged            |       |     5 ||     5
